 Dungeon Crawl Stone Soup version 0.23-a0-296-ga3b1b28 (webtiles) character file.

1719 Mgcat the Stinger (level 9, 0/47 HPs)
             Began as a Gargoyle Venom Mage on Oct 4, 2018.
             Was a Follower of Cheibriados.
             Slain by a howler monkey (5 damage)
             ... on level 7 of the Dungeon on Oct 5, 2018.
             The game lasted 00:21:07 (7627 turns).

Mgcat the Stinger (Gargoyle Venom Mage)             Turns: 7627, Time: 00:21:07

Health: 0/47       AC:  9    Str: 17    XL:     9   Next: 4%
Magic:  4/17       EV: 12    Int: 20    God:    Cheibriados [*.....]
Gold:   258        SH:  0    Dex: 12    Spells: 8/18 levels left

rFire    . . .     SeeInvis .   y - +1 trident (venom)
rCold    . . .     Gourm    .   (no shield)
rNeg     + . .     Faith    .   a - +0 robe
rPois    ∞         Spirit   .   (no helmet)
rElec    +         Reflect  .   n - +0 cloak
rCorr    +         Harm     .   (no gloves)
MR       .....                  (no boots)
Stlth    ++........             (no amulet)
HPRegen  0.15/turn              i - ring of resist corrosion
MPRegen  0.15/turn              p - +2 ring of strength

@: radiating poison, very slow
A: negative energy resistance 1, electricity resistance, unbreathing,
petrification resistance, rot immunity, AC +6
a: Bend Time, Renounce Religion


You were on level 7 of the Dungeon.
You worshipped Cheibriados.
Cheibriados was aware of your devotion.
You were very hungry.

You visited 1 branch of the dungeon, and saw 7 of its levels.

You collected 258 gold pieces.

Inventory:

Hand Weapons
 y - a +1 trident of venom (weapon)
   (You took it off a gnoll sergeant on level 6 of the Dungeon)
Armour
 a - a +0 robe (worn)
 n - a +0 cloak (worn)
   (You found it on level 2 of the Dungeon)
Jewellery
 i - a ring of resist corrosion (left hand)
   (You found it on level 1 of the Dungeon)
 p - a +2 ring of strength (right hand)
   (You found it on level 3 of the Dungeon)
 v - an uncursed ring of ice {rC+, rF-}
   (You found it on level 3 of the Dungeon)
Wands
 l - a wand of acid (8)
   (You found it on level 4 of the Dungeon)
 x - a wand of digging (18)
   (You took it off Ijyb on level 5 of the Dungeon)
Scrolls
 d - 5 scrolls of identify {unknown}
 e - a scroll of remove curse {unknown}
 f - 6 scrolls of teleportation {unknown}
 g - a scroll of fog {unknown}
 h - a scroll of fear {unknown}
 k - a scroll of enchant armour {unknown}
 s - a scroll of summoning {unknown}
 t - a scroll of enchant weapon {unknown}
 w - a scroll of magic mapping {unknown}
Potions
 b - a potion of haste {unknown}
 j - 2 potions of magic {unknown}
 m - a potion of lignification {unknown}
 q - 3 potions of curing
 r - 2 potions of brilliance {unknown}
 u - a potion of agility {unknown}
 z - a potion of mutation {unknown}
 B - a potion of degeneration {unknown}
Comestibles
 c - 9 rations


   Skills:
 + Level 1.2 Fighting
 + Level 2.0 Dodging
 - Level 2.1 Stealth
 + Level 5.4 Spellcasting
 + Level 6.0 Conjurations
 + Level 4.3 Air Magic
 + Level 6.3 Poison Magic


You had 8 spell levels left.
You knew the following spells:

 Your Spells              Type           Power        Failure   Level  Hunger
a - Sting                 Conj/Pois      ####         1%          1    None
b - Poisonous Vapours     Pois/Air       ####..       1%          2    None
c - Mephitic Cloud        Conj/Pois/Air  ####....     3%          3    ##.....
d - Olgreb's Toxic Radia  Pois           ####....     9%          4    ####...

Your spell library contained the following spells:

 Spells                   Type           Power        Failure   Level  Hunger
 Venom Bolt               Conj/Pois      ####......   24%         5    #####..


Dungeon Overview and Level Annotations

Branches:
Dungeon (7/15)             Temple (0/1) D:6

Altars:
Ashenzari
Cheibriados
Elyvilon
Makhleb
Nemelex Xobeh

Annotations:
D:6 1 runed door, Ijustatesigmund's ghost, novice OpBe


Innate Abilities, Weirdness & Mutations

You are resistant to torment.
Your stone body is resilient. (AC +6)
You are immune to poison.
You resist negative energy. (rN+)
You are resistant to electric shocks. (rElec)
You can survive without breathing.
You are immune to petrification.
You are immune to rotting.


Message History

The killer bee stings you. x2
A gnoll comes into view.
The bullfrog falls through a shaft!
The shaft crumbles and collapses.
You closely miss the killer bee.
The killer bee is severely wounded.
The gnoll is poisoned.
The gnoll looks even sicker.
Your toxic aura wanes.
A killer bee comes into view.
The killer bee closely misses you.
The howler monkey hoots and howls with incredible vigour!
The killer bee buzzes angrily.
You hear a howl!
You hear an angry buzzing noise.
You miss the killer bee.
The killer bee is severely wounded.
You hear an angry buzzing noise.
You kill the killer bee!
Cheibriados thoroughly appreciates the change of pace.
The killer bee stings you.
The killer bee stings you but does no damage.
A killer bee comes into view.
The gnoll barely misses you.
You hear an angry buzzing noise.
Casting: Olgreb's Toxic Radiance (safe; 11% risk of failure)
Confirm with . or Enter, or press ? or * to list all spells.
You begin to radiate toxic energy.
The killer bee is poisoned. x2
The killer bee barely misses you.
A killer bee comes into view.
The killer bee stings you.
The gnoll hits you from afar with a spear.
The gnoll closely misses you.
A howler monkey comes into view.
You barely miss the killer bee.
The killer bee is heavily wounded.
The howler monkey is poisoned.
The gnoll looks even sicker. x2
You kill the gnoll!
Cheibriados appreciates the change of pace.
The gnoll looks even sicker.
The killer bee is poisoned.
A killer bee comes into view.
The killer bee barely misses you. The howler monkey barely misses you.
The killer bee barely misses you.
The gnoll hits you from afar with a spear.
The gnoll hits you but does no damage.
The howler monkey hoots and howls with incredible vigour!
The killer bee buzzes angrily.
You hear an angry buzzing noise.
You hear a shout!
You barely miss the killer bee.
The killer bee is almost dead.
The howler monkey looks even sicker.
The gnoll looks as sick as possible!
The killer bee looks even sicker.
The killer bee is poisoned.
The killer bee looks even sicker.
Your toxic aura wanes.
You kill the killer bee!
Cheibriados thoroughly appreciates the change of pace.
The howler monkey hits you but does no damage.
The gnoll misses you.
The howler monkey hoots and howls with incredible vigour!
The howler monkey hits you.
You hear a shout!
Casting: Olgreb's Toxic Radiance (safe; 10% risk of failure)
Confirm with . or Enter, or press ? or * to list all spells.
You begin to radiate toxic energy.
The howler monkey looks even sicker. x2
You kill the gnoll!
Cheibriados appreciates the change of pace.
The gnoll looks even sicker.
You kill the gnoll!
Cheibriados thoroughly appreciates the change of pace.
The killer bee looks even sicker. x2
You kill the gnoll!
Cheibriados appreciates the change of pace.
The killer bee stings you but does no damage.
The howler monkey hits you but does no damage.
You miss the killer bee.
The killer bee is heavily wounded.
The howler monkey looks as sick as possible!
The killer bee looks even sicker.
You kill the killer bee!
Cheibriados thoroughly appreciates the change of pace.
You kill the howler monkey!
Cheibriados appreciates the change of pace.
Your Fighting skill increases to level 1!
Your Conjurations skill increases to level 6!
You have reached level 9!
Your experience leads to an increase in your attributes!
Your base attributes are Str 13, Int 17, Dex 10.
Increase (S)trength, (I)ntelligence, or (D)exterity?
You feel clever.
You kill the killer bee!
Cheibriados thoroughly appreciates the change of pace.
Cheibriados slows and strengthens your metabolism.
Cheibriados raises the support of your attributes as your movement slows.
Your Dodging skill increases to level 2!
A killer bee comes into view.
The killer bee stings you.
* * * LOW HITPOINT WARNING * * *
The killer bee stings you.
* * * LOW HITPOINT WARNING * * *
The killer bee stings you.
* * * LOW HITPOINT WARNING * * *
The howler monkey hits you.
You die...

... #$# #.. #
#.# #.#.# #.
..###)#.###....
.....)yyh......
#@# #........
#######$.


You could see a howler monkey and 2 killer bees.

Vanquished Creatures
  Duvessa (D:4)
  A sky beast (D:5)
  2 ogres
  A gnoll sergeant (D:6)
  A scorpion (D:6)
  Dowan (D:4)
  7 killer bees
  2 howler monkeys
  A centaur zombie (D:5)
  3 orc priests
  4 hounds
  A centaur skeleton (D:4)
  An iguana (D:3)
  Ijyb (D:5)
  Natasha (thrice) (D:2)
  2 orc wizards
  3 worker ants
  Terence (D:3)
  A worker ant zombie (D:5)
  8 gnolls
  9 adders
  A shadow imp (D:6)
  An adder zombie (D:6)
  4 adder skeletons
  A worm (D:2)
  4 leopard geckos
  11 orcs
  6 giant cockroaches
  5 goblins
  5 hobgoblins
  2 jackals (D:3)
  3 kobolds
  3 quokkas
  6 bats
  4 frilled lizards
  4 rats
114 creatures vanquished.

Vanquished Creatures (others)
  2 quokkas (D:2)
2 creatures vanquished.

Grand Total: 116 creatures vanquished

Notes
Turn   | Place    | Note
-------+----------+-------------------------------------------
     0 | D:1      | Mgcat the Gargoyle Venom Mage began the quest for the Orb.
     0 | D:1      | Reached XP level 1. HP: 10/10 MP: 3/3
   201 | D:1      | Reached XP level 2. HP: 15/15 MP: 1/5
   205 | D:1      | Learned a level 2 spell: Poisonous Vapours
   962 | D:2      | Found a white marble altar of Elyvilon.
   978 | D:2      | Reached skill level 2 in Conjurations
   978 | D:2      | Reached XP level 3. HP: 18/19 MP: 0/6
  1094 | D:2      | HP: 2/19 [worm (5)]
  1393 | D:2      | Noticed Natasha
  1412 | D:2      | Killed Natasha
  1412 | D:2      | Reached skill level 1 in Air Magic
  1412 | D:2      | Reached XP level 4. HP: 14/24 MP: 0/7
  1716 | D:2      | Noticed Natasha
  1729 | D:2      | Killed Natasha
  1742 | D:2      | Noticed Natasha
  1755 | D:2      | HP: 6/24 [Natasha/magic dart (6)]
  1756 | D:2      | Killed Natasha
  1756 | D:2      | Reached skill level 3 in Spellcasting
  1756 | D:2      | Reached XP level 5. HP: 8/28 MP: 0/9
  2352 | D:3      | Noticed Terence
  2362 | D:3      | Killed Terence
  2362 | D:3      | Reached skill level 3 in Conjurations
  2362 | D:3      | Reached skill level 4 in Poison Magic
  2414 | D:3      | Learned a level 3 spell: Mephitic Cloud
  2419 | D:3      | Learned a level 4 spell: Olgreb's Toxic Radiance
  2604 | D:3      | Reached XP level 6. HP: 27/32 MP: 5/10
  2778 | D:3      | Reached skill level 2 in Air Magic
  3191 | D:4      | Noticed Dowan
  3291 | D:4      | Killed Dowan
  3357 | D:4      | Noticed a phantom
  3767 | D:4      | Noticed Duvessa
  3807 | D:4      | HP: 6/32 [Duvessa/short sword (5)]
  3808 | D:4      | HP: 1/32 [Duvessa/short sword (5)]
  3813 | D:4      | Killed Duvessa
  3813 | D:4      | Reached XP level 7. HP: 13/36 MP: 0/12
  4027 | D:4      | Found a sparkling altar of Nemelex Xobeh.
  4095 | D:4      | Reached skill level 4 in Conjurations
  4493 | D:4      | Reached skill level 4 in Spellcasting
  4945 | D:5      | Entered Level 5 of the Dungeon
  4950 | D:5      | Reached skill level 5 in Poison Magic
  4997 | D:5      | Reached skill level 3 in Air Magic
  5208 | D:5      | Upgraded the game from 0.23-a0-295-g2e428d4 to
                  | 0.23-a0-296-ga3b1b28
  5252 | D:5      | Found a snail-covered altar of Cheibriados.
  5572 | D:5      | HP: 5/36 [orc priest/divine providence (8)]
  6035 | D:6      | Reached XP level 8. HP: 36/41 MP: 4/14
  6040 | D:5      | Reached skill level 5 in Conjurations
  6382 | D:5      | Noticed Ijyb
  6389 | D:5      | Killed Ijyb
  6487 | D:5      | Became a worshipper of Cheibriados the Contemplative
  6934 | D:6      | Noticed Ijustatesigmund's ghost (novice OpBe)
  6949 | D:6      | Found a shattered altar of Ashenzari.
  7031 | D:6      | Reached skill level 5 in Spellcasting
  7220 | D:6      | Reached skill level 4 in Air Magic
  7220 | D:6      | Reached skill level 6 in Poison Magic
  7280 | D:6      | Found a runed door.
  7411 | D:6      | Found a burning altar of Makhleb.
  7411 | D:6      | Noticed a cacodemon
  7429 | D:6      | Found a staircase to the Ecumenical Temple.
  7627 | D:7      | Reached skill level 1 in Fighting
  7627 | D:7      | Reached skill level 6 in Conjurations
  7627 | D:7      | Reached XP level 9. HP: 18/47 MP: 4/17
  7627 | D:7      | Reached * piety under Cheibriados
  7627 | D:7      | Reached skill level 2 in Dodging
  7627 | D:7      | HP: 10/47 [killer bee (4)]
  7627 | D:7      | Slain by a howler monkey

Vault maps used:
D:1:      giann_horns
D:2:      elyvilon_altar_4, uniq_natasha
D:3:      first_ration, uniq_terence
D:4:      nemelex_altar_shiori, nrook_uturn, interstate_on_off, uniq_duvessa
D:5:      kennysheep_mini, uniq_ijyb
D:6:      ashenzari_altar_1, minmay_temple_entry_glassed_door,
          hellmonk_ghost_happy_afterlife, makhleb_altar_promises_db
D:7:      minmay_the_grid_octo_triangle, marbit_many_paths, the_bakery

Skill      XL: |  1  2  3  4  5  6  7  8  9 |
---------------+----------------------------+-----
Conjurations   | 2 3 4 6 |  6.0
Air Magic      | 1 2 3 4 |  4.3
Spellcasting   | 3 4 5 |  5.4
Poison Magic   | 4 5 6 |  6.3
Fighting       | 1 |  1.2
Dodging        | 2 |  2.0
Stealth        | |  2.1

Action                   |  1- 3 |  4- 6 |  7- 9 || total
-------------------------+-------+-------+-------++-------
Melee: Mace              |    15 |    26 |       ||    41
       Dagger            |       |    13 |   157 ||   170
       Trident           |       |       |    27 ||    27
 Cast: Sting             |    40 |    71 |    59 ||   170
       Poisonous Vapours |     6 |    41 |    64 ||   111
       Olgreb's Toxic Ra |       |       |     4 ||     4
  Use: Potion            |       |     2 |       ||     2
       Scroll            |       |       |     1 ||     1
 Stab: Sleeping          |       |       |     1 ||     1
  Eat: Chunk             |     2 |    10 |    10 ||    22
       Ration            |       |       |     1 ||     1
Armor: Robe              |     5 |    21 |    67 ||    93
Dodge: Dodged            |    14 |    40 |   129 ||   183

Table legend:
 A = Non-vault XP
 B = Vault XP
 C = Vault XP percentage of total XP
 D = Non-vault monster count
 E = Vault monster count
 F = Vault count percentage of total count
                 A         B        C        D         E       F
            +---------+---------+-------+---------+---------+-------
      Total |    2141 |     316 |  12.9 |     109 |       5 |   4.4
            +---------+---------+-------+---------+---------+-------
        D:1 |      28 |       0 |   0.0 |      16 |       0 |   0.0
        D:2 |     164 |      35 |  17.6 |      16 |       1 |   5.9
        D:3 |     178 |      32 |  15.2 |      23 |       1 |   4.2
        D:4 |     248 |     214 |  46.3 |       8 |       2 |  20.0
        D:5 |     476 |      35 |   6.8 |      18 |       1 |   5.3
        D:6 |     683 |       0 |   0.0 |      19 |       0 |   0.0
        D:7 |     364 |       0 |   0.0 |       9 |       0 |   0.0
            +---------+---------+-------+---------+---------+-------

Vault maps used:
D:1:      giann_horns
D:2:      elyvilon_altar_4, uniq_natasha
D:3:      first_ration, uniq_terence
D:4:      nemelex_altar_shiori, nrook_uturn, interstate_on_off, uniq_duvessa
D:5:      kennysheep_mini, uniq_ijyb
D:6:      ashenzari_altar_1, minmay_temple_entry_glassed_door,
          hellmonk_ghost_happy_afterlife, makhleb_altar_promises_db
D:7:      minmay_the_grid_octo_triangle, marbit_many_paths, the_bakery

Table legend:
 A = Turns spent in this place as a percentage of turns spent in the entire game.
 B = Non-inter-level travel turns spent in this place as a percentage of non-inter-level travel turns spent in the entire game.
 C = Inter-level travel turns spent in this place as a percentage of turns spent in this place.
 D = Turns resting spent in this place as a percentage of non-inter-level travel turns spent in this place.
 E = Turns spent auto-exploring this place as a percentage of non-inter-level travel turns spent in this place.
 F = Non-inter-level travel turns spent in this place divided by the number of levels of this place that you've seen.
                   A       B       C       D       E      F
               +-------+-------+-------+-------+-------+----------------------
         Total | 100.0 | 100.0 |   6.1 |   8.0 |  76.5 | 1022.6
       Dungeon | 100.0 | 100.0 |   6.1 |   8.0 |  76.5 | 1022.6
               +-------+-------+-------+-------+-------+----------------------

Table legend:
 A = Kills in this place as a percentage of kills in entire the game.
 B = Kills by you in this place as a percentage of kills by you in the entire game.
 C = Kills by friends in this place as a percentage of kills by friends in the entire game.
 D = Other kills in this place as a percentage of other kills in the entire game.
 E = Experience gained in this place as a percentage of experience gained in the entire game.
 F = Experience gained in this place divided by the number of levels of this place that you have seen.
                   A       B       C       D       E      F
               +-------+-------+-------+-------+-------+----------------------
         Total | 100.0 | 100.0 |   N/A |   N/A | 100.0 | 351.0
       Dungeon | 100.0 | 100.0 |   N/A |   N/A | 100.0 | 351.0
               +-------+-------+-------+-------+-------+----------------------
